 Dungeon Crawl Stone Soup version 0.27.0-1-g7a089689b8 (webtiles) character file.

Game seed: 15481197102364583199

56 SnakkuSnakku7 the Skirmisher (level 3, -6/39 HPs)
             Began as an Ogre Delver on Aug 6, 2021.
             Mangled by a mummy (12 damage)
             ... in an ossuary.
             The game lasted 00:01:29 (291 turns).

SnakkuSnakku7 the Skirmisher (Ogre Delver)           Turns: 291, Time: 00:01:30

Health: -6/39      AC:  3    Str: 17    XL:     3   Next: 97%
Magic:  3/3        EV:  9    Int: 11    God:
Gold:   0          SH:  0    Dex: 10    Spells: 2/2 levels left

rFire    . . .     SeeInvis .   a - +0 mace
rCold    . . .     Faith    .   (no shield)
rNeg     . . .     Spirit   .   b - +0 robe
rPois    .         Reflect  .   (helmet restricted)
rElec    .         Harm     .   (no cloak)
rCorr    .         Rampage  .   (gloves unavailable)
Will     .....                  (boots unavailable)
Stlth    ++........             (no amulet)
HPRegen  0.13/turn              (no ring)
MPRegen  0.08/turn              (no ring)

@: no status effects
A: large, unfitting armour, tough skin 1
a: no special abilities


You were in an ossuary.
You visited 1 branch of the dungeon, and saw 2 of its levels.
You also visited: Ossuary.

Inventory:

Hand Weapons
 a - a +0 mace (weapon)
Armour
 b - a +0 robe (worn)
Wands
 g - a wand of digging (1)
Scrolls
 c - a scroll of fog
 e - a scroll of fear
Potions
 f - a potion of haste


   Skills:
 - Level 4.0 Fighting
 + Level 3.7 Maces & Flails
 - Level 1.7 Dodging
 - Level 3.7 Stealth


You had 2 spell levels left.
You didn't know any spells.
Your spell library was empty.

Dungeon Overview and Level Annotations

Branches:
Dungeon (6/15)             Temple (0/1) D:6         Ossuary (1/1)

Altars:
Cheibriados
Fedhas
Zin


Innate Abilities, Weirdness & Mutations

You are too large for most types of armour.
You have tough skin. (AC +1)


Message History

A mummy is nearby!
Throw: 3 large rocks
Press: ? - help, Q - select action Shift-Dir - straight line, f - mummy
Aim: a mummy (wandering, hasn't noticed you, 73% to hit)
You throw a large rock. The large rock hits the mummy!
The mummy is heavily damaged.
Unknown command.
There is an empty arch of ancient stone here.
Throw: 2 large rocks
Press: ? - help, Q - select action Shift-Dir - straight line, f/p - mummy
Aim: a mummy (heavily damaged, 73% to hit)
You throw a large rock. The large rock hits the mummy.
The mummy is severely damaged.
Unknown command.
You barely miss the mummy.
The mummy is severely damaged.
The mummy hits you!
You hit the mummy.
You destroy the mummy!
Unknown command.
Throw: large rock
Press: ? - help, Q - select action Shift-Dir - straight line, f - mummy
Aim: a mummy (73% to hit)
You throw a large rock. The large rock hits the mummy.
The mummy is lightly damaged.
Unknown command.
Unknown command.
You hit the mummy.
The mummy is moderately damaged.
You hit the mummy.
The mummy is heavily damaged.
The mummy closely misses you.
You hit the mummy.
The mummy is severely damaged.
The mummy hits you!!
* * * LOW HITPOINT WARNING * * *
You barely miss the mummy.
The mummy is severely damaged.
The mummy hits you!
You die...

#..###.......##
+...#.........#
#..((....⌠....+
+...#.(.......#
#..###.......##
+.# ##..(..##
#. ###(### #.
#M# M ##@## ?
#.∩.# #.∩.#
#####


You could see a mummy.

Vanquished Creatures
  A hound (D:6)
  2 mummies (Ossuary)
3 creatures vanquished.

Notes
Turn   | Place    | Note
-------+----------+-------------------------------------------
     0 | D:5      | SnakkuSnakku7 the Ogre Delver began the quest for the Orb.
     0 | D:5      | Reached XP level 1. HP: 24/24 MP: 1/1
     2 | D:5      | Found a glowing silver altar of Zin.
    63 | D:5      | Noticed a water moccasin zombie
   100 | D:6      | Noticed a hound
   117 | D:6      | Killed a hound
   118 | D:6      | Reached XP level 2. HP: 17/32 MP: 2/2
   118 | D:6      | Reached XP level 3. HP: 20/39 MP: 3/3
   231 | D:6      | Noticed a black bear
   239 | D:6      | Found a sand-covered staircase.
   244 | Ossuary  | Entered an ossuary
   291 | Ossuary  | Mangled by a mummy

Illustrated notes

Levels and vault maps discovered:
D:5:      layout_gridville, nicolae_overflow_hidden_temple, serial_undead,
          serial_undead_a, serial_undead_b, serial_undead_f, serial_undead_b,
          serial_undead_e, serial_undead_c, serial_undead_b, serial_undead_c,
          serial_undead_c, serial_undead_d, uniq_ijyb, uniq_grinder
D:6:      layout_cave_pods, minmay_temple_entry_junction, enter_ossuary_2,
          uniq_blork_the_orc
Ossuary:  ossuary_crypta

Skill      XL: |  1 |
---------------+----+-----
Maces & Flails | 3 |  3.7
Fighting       | |  4.0
Dodging        | |  1.7
Stealth        | |  3.7

Action                   || total
-------------------------++-------
Melee: Mace              ||    21
Throw: Large rock        ||     5
Evoke: Wand              ||     2
  Use: Scroll            ||     1
Armor: Robe              ||     5
Dodge: Dodged            ||    14
